 Dungeon Crawl Stone Soup version 0.29.0-10-g45618ea6d2 (webtiles) character file.

Game seed: 3272815639089659024

3504 SSird the Carver (level 9, -16/71 HPs)
             Began as a Demonspawn Gladiator on Sept 1, 2022.
             Was a Priest of Okawaru.
             Shot with a bolt by an orc warrior (20 damage)
             ... in a bailey.
             The game lasted 00:23:30 (9669 turns).

SSird the Carver (Demonspawn Gladiator)             Turns: 9669, Time: 00:23:30

Health: -16/71     AC:  4    Str: 15    XL:     9   Next: 80%
Magic:  9/9        EV: 15    Int: 10    God:    Okawaru [***...]
Gold:   138        SH:  8    Dex: 18    Spells: 8/8 levels left

rFire   . . .      SeeInvis .   a - +0 long sword
rCold   . . .      Faith    .   J - +0 buckler
rNeg    . . .      Spirit   .   (no body armour)
rPois   .          Reflect  .   c - +0 helmet
rElec   .          Harm     .   o - +0 cloak
rCorr   .          Rampage  .   w - +0 pair of gloves
Will    .....                   (no boots)
Stlth   ++........              (no amulet)
HPRegen 0.21/turn               (no ring)
MPRegen 0.11/turn               (no ring)

@: no status effects
A: hooves 1, spiny 1, sharp scales 1, condensation shield
a: Renounce Religion, Heroism


You were in a bailey.
You worshipped Okawaru.
Okawaru was most pleased with you.
You visited 2 branches of the dungeon, and saw 8 of its levels.
You also visited: Sewer, Ossuary and Bailey.

You collected 408 gold pieces.
You spent 270 gold pieces at shops.

Inventory:

Hand Weapons
 a - a +0 long sword (weapon)
 b - a +2 dagger of venom
Missiles
 d - a throwing net (quivered)
 e - 4 javelins
Armour
 c - a +0 helmet (worn)
 o - a +0 cloak (worn)
 w - a +0 pair of gloves (worn)
 J - a +0 buckler (worn)
Jewellery
 u - an amulet of magic regeneration
 B - a ring of see invisible
Wands
 t - a wand of quicksilver (3)
 E - a wand of paralysis (5)
 G - a wand of flame (14)
Scrolls
 j - 4 scrolls of teleportation {unknown}
 k - 3 scrolls of immolation {unknown}
 m - a scroll of amnesia {unknown}
 s - 12 scrolls of identify {unknown}
 x - 3 scrolls of fear {unknown}
 y - a scroll of magic mapping {unknown}
 C - 2 scrolls of enchant weapon {unknown}
 F - a scroll of acquirement {unknown}
 H - 2 scrolls of summoning {unknown}
Potions
 f - 3 potions of cancellation {unknown}
 g - 3 potions of might {unknown}
 h - 7 potions of attraction {unknown}
 i - 5 potions of curing
 l - 4 potions of heal wounds
 n - a potion of magic {unknown}
 p - 8 potions of haste {unknown}
 q - a potion of degeneration {unknown}
 r - 2 potions of flight {unknown}
 v - a potion of berserk rage {unknown}
 z - a potion of brilliance {unknown}
 A - a potion of ambrosia {unknown}
 D - 2 potions of invisibility {unknown}
 I - 2 potions of mutation {unknown}
 K - a potion of lignification {unknown}


   Skills:
 + Level 6.6 Fighting
 + Level 10.0 Long Blades
 - Level 1.7 Throwing
 - Level 1.4 Armour
 + Level 6.0 Dodging
 * Level 2.6 Stealth
 - Level 0.2 Shields


You had 8 spell levels left.
You didn't know any spells.
Your spell library contained the following spells:

 Spells                   Type           Power      Damage    Failure   Level
 Conjure Flame            Conj/Fire      0%         6-21      83%         3
 Ignite Poison            Fire/Tmut/Pois 0%         N/A       83%         3
 Airstrike                Air            0%         2d(0-16)  99%         4
 Cause Fear               Hex            0%         N/A       99%         4
 Sticky Flame             Conj/Fire      0%         2d3       99%         4
 Lightning Bolt           Conj/Air       0%         1d11      100%        5
 Dragon Form              Tmut           0%         N/A       100%        7
 Borgnjor's Revivificati  Necr           0%         N/A       100%        8
 Necromutation            Tmut/Necr      0%         N/A       100%        8
 Death's Door             Necr           0%         N/A       100%        9
 Summon Lightning Spire   Summ/Air       Unusable   N/A       N/A         4
 Dragon's Call            Summ           Unusable   N/A       N/A         9

Dungeon Overview and Level Annotations

Branches:
Dungeon (7/15)             Temple (1/1) D:4           Sewer (visited)
Ossuary (visited)          Bailey (1/1)

Altars:
Cheibriados
Dithmenos
Hepliaklqana
Kikubaaqudgha
Nemelex Xobeh
Okawaru
Qazlal
Ru
Trog
Vehumet
Wu Jian

Shops:
D:1 ?[*   D:5 [   D:6 *[=(*


Innate Abilities, Weirdness & Mutations

You have large cloven feet.
You are partially covered in sharp spines.
You are partially covered in razor-sharp scales. (AC +1, Slay +1)
A meltable shield of frost defends you. (SH +4)


Message History

The orc warrior shoots a bolt.
You block the bolt.
The orc shoots a bolt.
The bolt barely misses you.
Unknown command.
The orc shoots a bolt.
The bolt barely misses you.
The orc warrior shoots a bolt.
You block the bolt.
The orc shoots a bolt.
The bolt hits you!
The orc warrior shoots a bolt.
The bolt closely misses you.
The orc shoots a bolt.
You block the bolt.
The orc warrior shoots a bolt.
You block the bolt.
The orc shoots a bolt.
You block the bolt.
The orc warrior shoots a bolt.
The bolt closely misses you.
Unknown command.
The orc shoots a bolt.
You block the bolt.
The orc warrior shoots a bolt.
The bolt hits you!!
The orc warrior shoots a bolt.
You block the bolt.
Unknown command.
Unknown command.
You closely miss the orc.
The orc unwields a +0 arbalest.
The orc misses you.
You hit the orc. Your kick misses the orc.
The orc is lightly wounded.
The orc warrior shoots a bolt.
The bolt misses you.
The bolt closely misses the orc.
The orc warrior shoots a bolt.
The bolt misses you. The orc closely misses you.
The orc wields a +0 arbalest.
The orc shoots a bolt.
The bolt closely misses you.
You slash the orc!
You kill the orc!
Okawaru accepts your kill.
The orc warrior shoots a bolt.
You block the bolt.
The orc warrior shoots a bolt.
The bolt completely misses you.
Unknown command.
The orc warrior shoots a bolt.
The bolt barely misses you.
The orc warrior shoots a bolt.
You block the bolt.
Things that are here:
a +0 arbalest; a +0 ring mail The orc warrior shoots a bolt.
The bolt hits you!
* * * LOW HITPOINT WARNING * * *
Unknown command.
The orc warrior shoots a bolt.
The bolt hits you!
* * * LOW HITPOINT WARNING * * *
The orc warrior shoots a bolt.
The bolt hits you!!
You die...

#~~~~~~~~~~~.....#
#~~~~≈≈≈~≈≈~.....#
####~~~~≈##.#≈≈.....#
~~~~~~~~≈#∩.##≈.....#
~~~~~~~~o....#≈.....#
~~~~~~~o≈##.##≈.....#
~~~~~~~~≈≈###≈≈.....#
~~~~~~~~~≈≈≈≈≈~.....#
.........o..).@.....#
....................#
....................#
...................∩#
#####################


You could see 2 orc warriors.

Vanquished Creatures
  Sigmund (D:2)
  A steam dragon (D:6)
  Duvessa (D:6)
  3 black bears
  2 ogres
  2 phantoms
  2 kobold brigands (Sewer)
  2 elf zombies (Ossuary)
  2 bullfrogs (D:7)
  A gnoll sergeant (D:6)
  3 necrophages
  4 scorpions
  3 wights (D:6)
  Dowan (D:6)
  4 killer bees (D:7)
  A vampire bat (D:5)
  2 human zombies (Ossuary)
  2 jellies
  2 orc priests (D:4)
  Crazy Yiuf (D:5)
  3 hounds
  2 gnoll boudas
  Terence (D:2)
  An iguana (D:4)
  7 orc wizards
  3 hound zombies (Ossuary)
  4 mummies (Ossuary)
  Robin (D:2)
  21 gnolls
  11 adders
  2 river rats (D:3)
  A white imp (D:6)
  2 ufetubi (D:6)
  An adder zombie (Ossuary)
  2 worms
  3 dart slugs
  3 fire bats (D:5)
  12 orcs
  2 spectral bats (D:5)
  3 bat skeletons (D:5)
  A bat zombie (D:5)
  3 endoplasms
  7 giant cockroaches
  A gnoll zombie (Ossuary)
  13 goblins
  3 hobgoblins
  4 quokkas
  10 ball pythons
  13 bats
  A bat simulacrum (D:5)
  5 frilled lizards
  2 jackal zombies (Ossuary)
  15 kobolds
  8 rats
  A rat zombie (Ossuary)
212 creatures vanquished.

Vanquished Creatures (others)
  A goblin (D:2)
  5 plants (Sewer)
6 creatures vanquished.

Grand Total: 218 creatures vanquished

Notes
Turn   | Place    | Note
-------+----------+-------------------------------------------
     0 | D:1      | SSird the Demonspawn Gladiator began the quest for the Orb.
     0 | D:1      | Reached XP level 1. HP: 16/16 MP: 1/1
   241 | D:1      | Reached skill level 3 in Long Blades
   443 | D:1      | Found Jaxoe's Magic Scroll Shop.
   480 | D:1      | Gained mutation: You are partially covered in sharp spines.
                  | [demonic ancestry]
   480 | D:1      | Reached XP level 2. HP: 22/22 MP: 2/2
   873 | D:1      | Found Heseuf's Assorted Antiques.
  1014 | D:1      | Found Itigy's Antique Armour Shop.
  1212 | D:2      | Gained mutation: You have large cloven feet. [demonic
                  | ancestry]
  1212 | D:2      | Reached XP level 3. HP: 19/27 MP: 3/3
  1502 | D:2      | Found a faded altar of an unknown god.
  1513 | D:2      | Noticed Terence
  1533 | D:2      | Killed Terence
  1534 | D:2      | Reached skill level 4 in Long Blades
  1741 | D:2      | Found a shadowy altar of Dithmenos.
  1746 | D:2      | Noticed Sigmund
  1782 | D:2      | Killed Sigmund
  1783 | D:2      | Reached skill level 5 in Long Blades
  1783 | D:2      | Reached skill level 1 in Armour
  1783 | D:2      | Reached XP level 4. HP: 10/34 MP: 4/4
  1783 | D:2      | Gained mutation: A meltable shield of frost defends you.
                  | (SH +4) [demonic ancestry]
  1783 | D:2      | Reached XP level 5. HP: 12/39 MP: 5/5
  2093 | D:2      | Noticed Robin
  2109 | D:2      | Killed Robin
  2287 | D:3      | Reached XP level 6. HP: 43/46 MP: 6/6
  2374 | D:3      | Reached skill level 6 in Long Blades
  2531 | D:3      | Found a glowing drain.
  2540 | Sewer    | Entered a sewer
  2722 | Sewer    | Reached skill level 1 in Stealth
  3043 | Sewer    | Reached XP level 7. HP: 50/52 MP: 7/7
  3996 | D:4      | Found a staircase to the Ecumenical Temple.
  4020 | Temple   | Entered the Ecumenical Temple
  4077 | Temple   | Became a worshipper of Warmaster Okawaru
  4183 | D:4      | Reached skill level 7 in Long Blades
  4261 | D:4      | Found a radiant altar of Vehumet.
  4881 | D:5      | Entered Level 5 of the Dungeon
  4895 | D:5      | Reached XP level 8. HP: 51/60 MP: 8/8
  4910 | D:4      | Reached * piety under Okawaru
  5055 | D:5      | Found Igoir's Armour Emporium.
  5610 | D:5      | Found a sacrificial altar of Ru.
  5672 | D:5      | Reached skill level 8 in Long Blades
  5958 | D:5      | Found a runed translucent door.
  5959 | D:5      | Noticed Crazy Yiuf
  5970 | D:5      | Killed Crazy Yiuf
  6502 | D:6      | Found Ushrad's Antique Weapon Boutique.
  6541 | D:6      | Found Kyzoat's General Store.
  6857 | D:6      | Reached skill level 5 in Fighting
  6866 | D:6      | Reached ** piety under Okawaru
  6873 | D:6      | Noticed Dowan
  6955 | D:6      | Found a sand-covered staircase.
  6965 | Ossuary  | Entered an ossuary
  6984 | Ossuary  | Reached skill level 5 in Dodging
  6984 | Ossuary  | Gained mutation: You are partially covered in razor-sharp
                  | scales. (AC +1, Slay +1) [demonic ancestry]
  6984 | Ossuary  | Reached XP level 9. HP: 55/68 MP: 9/9
  7008 | Ossuary  | Reached skill level 9 in Long Blades
  7299 | D:6      | Found Givogein's General Store.
  7543 | D:6      | Found Gafeul's Armour Shop.
  7646 | D:6      | Noticed Duvessa
  7656 | D:6      | Killed Dowan
  7667 | D:6      | Killed Duvessa
  8179 | D:1      | Bought a crude ring mail for 270 gold pieces
  8179 | D:1      | Identified the +3 ring mail of Orthodoxy {Str+2} (You
                  | bought it in a shop on level 1 of the Dungeon)
  8422 | D:6      | Found Niedaef's Jewellery Emporium.
  8981 | D:7      | Reached *** piety under Okawaru
  9223 | D:7      | Reached skill level 10 in Long Blades
  9369 | D:7      | Found a flagged portal.
  9377 | Bailey   | Entered a bailey
  9669 | Bailey   | Shot with a bolt by an orc warrior

Illustrated notes

Levels and vault maps discovered:
D:1:      dpeg_arrival_brainrot, layout_loops_corners, serial_shops, shop,
          nicolae_shop_crystal, shop, serial_rivers,
          chequers_serial_rivers_micro_e, chequers_serial_rivers_micro_a,
          chequers_serial_rivers_micro_c, chequers_serial_rivers_micro_a
D:2:      layout_rooms, basic_altar, shapermc_ecumenical_altar_flowoftime,
          kennysheep_doodads, uniq_sigmund, uniq_terence, uniq_robin
D:3:      layout_rooms, portal_sewer_entry_b
D:4:      layout_loops_ring, nicolae_vehumet_altar_sigil,
          minmay_temple_entry_ruins
D:5:      layout_cave_pools, nicolae_ru_awakened_eye, serial_shops, shop,
          goddamned_bats, uniq_crazy_yiuf_cottage
D:6:      layout_loops_corners, nicolae_ossuary_entry_monument, serial_shops,
          shop, shop, shop, nicolae_diamond_shop, nicolae_shop_hallway_stairs,
          nrook_campfire, uniq_duvessa
D:7:      layout_cave_pools, enter_bailey_6, due_unseen_surprise
Temple:   nicolae_temple_x_marks_the_god
Bailey:   bailey_polearm_2, bailey

Skill      XL: |  1  2  3  4  5  6  7  8  9 |
---------------+----------------------------+-----
Long Blades    | 3 5 6 7 8 10 | 10.0
Armour         | 1 |  1.4
Stealth        | 1 2 |  2.6
Fighting       | 3 4 5 6 |  6.6
Dodging        | 3 5 6 |  6.0
Throwing       | |  1.7
Shields        | |  0.2

Action                   |  1- 3 |  4- 6 |  7- 9 || total
-------------------------+-------+-------+-------++-------
Melee: Long sword        |    68 |   103 |   363 ||   534
       Kick              |     6 |    31 |   124 ||   161
       Punch             |       |       |     7 ||     7
Throw: Throwing net      |     5 |       |       ||     5
Invok: Heroism           |       |       |     1 ||     1
  Use: Potion            |       |       |     2 ||     2
 Stab: Sleeping          |     1 |       |     2 ||     3
Armor: Leather armour    |    15 |    30 |    82 ||   127
       Skin              |       |       |     5 ||     5
Dodge: Dodged            |    41 |    33 |   273 ||   347
Block: Other             |       |    10 |    64 ||    74
       Buckler           |       |       |    34 ||    34
